 Dungeon Crawl Stone Soup version 0.31-a0-818-ge7c7cf74f0 (webtiles) character file.

Game seed: 13190395041490496728

987 Kurtz the Cleaver (level 8, -3/8 HPs)
             Began as an Octopode Fighter on Sept 23, 2023.
             Was a Follower of Okawaru.
             Slain by a sleepcap (4 damage)
             ... on level 6 of the Dungeon.
             The game lasted 00:03:47 (3859 turns).

Kurtz the Cleaver (Octopode Fighter)                Turns: 3859, Time: 00:03:47

Health: -3/8       AC:  1    Str: 15    XL:     8   Next: 18%
Magic:  9/9        EV:  2    Int: 10    God:    Okawaru [*.....]
Gold:   273        SH:  0    Dex: 14    Spells: 7/7 levels left

rFire   . . .        p - +2 flail (protect)
rCold   . . .        b - +0 buckler
rNeg    + . .        (helmet restricted)
rPois   .            (no amulet)
rElec   .            h - ring of positive energy
rCorr   .            (no ring)
SInv    .            (no ring)
Will    .....        (no ring)
Stlth   ++           (no ring)
HPRegen 0.21/turn    (no ring)
MPRegen 0.11/turn    (no ring)
                     (no ring)

%: no passive effects
@: maw-form, sleeping
A: devouring maw, reduced hp, almost no armour, amphibious, 8 rings, camouflage
1, gelatinous body 1, (nimble swimmer 1), tentacles
a: Begin Untransformation, Renounce Religion, Heroism


You were on level 6 of the Dungeon.
You worshipped Okawaru.
Okawaru was aware of your devotion.
You were a creature with a mouth for a stomach.
You visited 1 branch of the dungeon, and saw 6 of its levels.

You collected 273 gold pieces.

Inventory:

Hand Weapons
 a - a +0 war axe
 p - a +2 flail of protection (weapon)
Missiles
 e - 2 throwing nets
 l - 8 poisoned darts (quivered)
 y - a curare-tipped dart
Armour
 b - a +0 buckler (worn)
Jewellery
 h - a ring of positive energy (left tentacle)
Talismans
 o - a maw talisman (active)
Scrolls
 f - a scroll of immolation
 i - a scroll of teleportation {unknown}
 k - 2 scrolls of identify {unknown}
 r - a scroll of noise {unknown}
 t - a scroll of vulnerability {unknown}
 u - a scroll of enchant armour {unknown}
 x - a scroll of amnesia {unknown}
Potions
 c - 2 potions of might
 d - 2 potions of curing {unknown}
 g - 2 potions of attraction {unknown}
 j - 3 potions of lignification {unknown}
 m - a potion of invisibility {unknown}
 n - a potion of resistance {unknown}
 q - a potion of brilliance {unknown}
 s - a potion of cancellation {unknown}
 v - a potion of haste {unknown}
 w - 2 potions of heal wounds {unknown}


   Skills:
 * Level 3.3 Fighting
 * Level 8.4 Axes
 * Level 3.4 Dodging
 * Level 3.2 Shields
 * Level 2.1 Invocations
 * Level 1.7 Shapeshifting


You had 7 spell levels left.
You didn't know any spells.
Your spell library was empty.

Dungeon Overview and Level Annotations

Branches:
Dungeon (6/15)             Temple (0/1) D:4

Altars:
Cheibriados
Okawaru
Ru

Shops:
D:4 (   D:5 [


Innate Abilities, Weirdness & Mutations

You are a creature with a mouth for a stomach.
Your midsection houses a second, enormous mouth.
Your maximum health is decreased, since you lack skill for your form.
You cannot wear most types of armour.
You are amphibious.
You can wear up to eight rings at the same time.
Your skin changes colour to match your surroundings (Stealth+).
Your rubbery body absorbs attacks. (AC +1, EV +1)
((You are camouflaged when in or above water. (Stealth+)))
You have tentacles for arms and can constrict up to eight enemies at once.


Message History

You miss the phantom. You squeeze the phantom.
You destroy the phantom!
Okawaru accepts your kill.
No target in view!
No target in view!
HP restored.
Items here: )) [[.
You see here a +0 flail.
Found a plate armour.
Done exploring.
Done exploring.
Done exploring.
There is a stone staircase leading down here.
You climb downwards.
There is a stone staircase leading up here.
Found a stone staircase leading down.
There is a stone staircase leading up here.
You climb upwards.
There is a stone staircase leading down here.
There is a stone staircase leading down here.
You climb downwards.
The iguana hisses angrily.
Found 25 gold pieces.
There is a stone staircase leading up here.
There are monsters nearby!
Okay, then.
Unknown command.
You climb upwards.
There is a stone staircase leading down here.
You begin transforming.
You continue transforming. x3
You turn into a creature with a mouth for a stomach.
HP restored.
You climb downwards.
The sleepcap releases spores at you. x2
Ouch! That really hurt!
* * * LOW HITPOINT WARNING * * *
You are engulfed in a cloud of soporific spores!
You fall asleep.
The sleepcap releases spores at you.
Ouch! That really hurt!
You die...

......##....#
............# ##.......F
.............##.........
.......................
.....................#
.....................#
.....................##.
................>...l...
##.............fW..$#
......##.### ..$#. ## .
.. .. .. .


You could see a sleepcap, a bullfrog (asleep) and an iguana.

Vanquished Creatures
  Sigmund (D:2)
  An ice beast (D:5)
  An ogre (D:5)
  2 phantoms (D:5)
  A kobold brigand (D:5)
  A howler monkey (D:4)
  2 orc priests
  A hound (D:4)
  An iguana (D:5)
  Jessica (D:2)
  Natasha (thrice) (D:2)
  An orc wizard (D:5)
  6 adders
  A shadow imp (D:5)
  5 worms
  14 orcs
  3 ball pythons
  5 endoplasms
  2 giant cockroaches
  6 goblins
  3 hobgoblins
  6 quokkas
  8 bats
  6 kobolds
  2 rats (D:1)
83 creatures vanquished.

Notes
Turn   | Place    | Note
-------+----------+-------------------------------------------
     0 | D:1      | Kurtz the Octopode Fighter began the quest for the Orb.
     0 | D:1      | Reached XP level 1. HP: 16/16 MP: 1/1
   118 | D:1      | Found a faded altar of an unknown god.
   123 | D:1      | Reached XP level 2. HP: 21/21 MP: 2/2
   288 | D:1      | Reached skill level 3 in Axes
   637 | D:2      | Noticed Sigmund
   648 | D:2      | Killed Sigmund
   649 | D:2      | Reached skill level 5 in Axes
   649 | D:2      | Reached XP level 3. HP: 22/26 MP: 3/3
   649 | D:2      | Reached XP level 4. HP: 26/31 MP: 4/4
   649 | D:2      | Reached XP level 5. HP: 30/36 MP: 5/5
   688 | D:2      | Noticed Jessica
   696 | D:2      | Killed Jessica
   698 | D:2      | Reached skill level 6 in Axes
   876 | D:2      | Noticed Natasha
   882 | D:2      | Killed Natasha
   883 | D:2      | Reached XP level 6. HP: 38/42 MP: 6/6
   918 | D:2      | Noticed Natasha
   951 | D:2      | Killed Natasha
  1085 | D:2      | Noticed Natasha
  1090 | D:2      | Killed Natasha
  1448 | D:3      | Identified the orb of Relativism {*channel, rC++ Dex+3}
  1662 | D:3      | Found an iron altar of Okawaru.
  1677 | D:3      | Became a worshipper of Warmaster Okawaru
  1980 | D:4      | Found a staircase to the Ecumenical Temple.
  2021 | D:4      | Reached skill level 7 in Axes
  2177 | D:4      | Reached XP level 7. HP: 44/46 MP: 7/7
  2251 | D:4      | Found Esojozu's Weapon Emporium.
  2271 | D:4      | Found a sacrificial altar of Ru.
  2595 | D:5      | Entered Level 5 of the Dungeon
  2621 | D:5      | Reached skill level 1 in Invocations
  2885 | D:5      | Reached skill level 1 in Shapeshifting
  3152 | D:5      | Reached skill level 8 in Axes
  3172 | D:5      | Found Iclitsip's Armour Emporium.
  3255 | D:5      | Found a snail-covered altar of Cheibriados.
  3266 | D:5      | Reached * piety under Okawaru
  3288 | D:5      | Reached XP level 8. HP: 52/52 MP: 9/9
  3859 | D:6      | Slain by a sleepcap

Illustrated notes

Levels and vault maps discovered:
D:1:      minmay_arrival_nine_rooms, layout_basic,
          hellmonk_ecumenical_altar_blasted
D:2:      layout_rooms, kennysheep_cluttered_room, hangedman_decor_riveting,
          uniq_jessica, uniq_sigmund, uniq_natasha
D:3:      layout_loops_ring, okawaru_metal_pillars_1_2
D:4:      layout_loops_ring, mainiacjoe_overflow_small_starburst,
          minmay_temple_entry_ruins, serial_shops, nicolae_shop_hallway_plus
D:5:      layout_loops_ring, cheibrodos_worm_habitat, serial_shops,
          nicolae_shop_window_shopping
D:6:      layout_cave_pools, mainiacjoe_overflow_concentric_impassable,
          gammafunk_temple_overflow_elements, minmay_misc_feat_four_crosses

Skill      XL: |  1  2  3  4  5  6  7  8 |
---------------+-------------------------+-----
Axes           | 5 6 7 8 |  8.4
Invocations    | 1 2 |  2.1
Shapeshifting  | 1 |  1.7
Fighting       | |  3.3
Dodging        | |  3.4
Shields        | |  3.2

Action                     |  1- 3 |  4- 6 |  7- 9 || total
---------------------------+-------+-------+-------++-------
  Melee: War axe           |    27 |    52 |       ||    79
         Constrict         |     7 |    29 |    11 ||    47
         Tentacles         |     6 |    20 |    21 ||    47
         Flail             |       |    34 |    90 ||   124
         Punch             |       |     2 |     1 ||     3
  Throw: Dart              |       |       |     1 ||     1
   Stab: Sleeping          |     3 |     6 |     3 ||    12
 Armour: Skin              |    12 |    27 |    46 ||    85
  Dodge: Dodged            |    16 |    33 |    52 ||   101
  Block: Buckler           |     4 |    16 |    17 ||    37
   Form: Maw               |       |       |     1 ||     1

Table legend: (Time is in decaauts)
 A = Elapsed time spent in this place.
 B = Non-inter-level travel time spent in this place.
 C = Inter-level travel time spent in this place.
 D = Time resting spent in this place.
 E = Time spent auto-exploring this place.
 F = Levels seen in this place.
 G = Mean time per level.
                   A        B        C        D        E       F      G
               +--------+--------+--------+--------+--------+-----+--------+
         Total |   3911 |   3538 |    373 |    262 |   2615 |   6 |  651.8 |
       Dungeon |   3911 |   3538 |    373 |    262 |   2615 |   6 |  651.8 |
               +--------+--------+--------+--------+--------+-----+--------+

Top non-repeatable levels by time:
     D:5: 1056 daAuts
     D:2: 792 daAuts
     D:4: 708 daAuts
     D:3: 689 daAuts
     D:1: 647 daAuts
     D:6: 17 daAuts
